 Dungeon Crawl Stone Soup version 0.23-a0-241-g3b46b07 (webtiles) character file.

3593 Amnesiac the Thaumaturge (level 9, -11/57 HPs)
             Began as a Mummy Wizard on Sept 26, 2018.
             Was an Elder of Ru.
             Mangled by a wraith (15 damage)
             ... on level 8 of the Dungeon.
             The game lasted 00:25:43 (11738 turns).

Amnesiac the Thaumaturge (Mummy Wizard)            Turns: 11738, Time: 00:25:44

Health: -11/57     AC:  4    Str: 12    XL:     9   Next: 85%
Magic:  24/24      EV: 12    Int: 21    God:    Ru [****..]
Gold:   466        SH:  0    Dex: 13    Spells: 18/31 levels left

rFire    . . .     SeeInvis .   t - +1 dagger of Big Damage {pierce, Fragile +Rage Str+4 Dex+3} (curse)
rCold    + . .     Gourm    .   (shield unavailable)
rNeg     + + +     Faith    .   p - +0 robe {rF+}
rPois    ∞         Spirit   .   u - +0 helmet
rElec    .         Reflect  .   (no cloak)
rCorr    .         Harm     .   s - +0 pair of gloves
MR       +....                  (no boots)
Stlth    ++........             (no amulet)
HPRegen  0.19/turn              (ring unavailable)
MPRegen  0.19/turn              k - +3 ring of slaying

@: exhausted, about to teleport, very slightly contaminated, slowed, drained,
very slow
A: no food or potions, fire vulnerability, cold resistance 1, negative energy
resistance 3, torment resistance, weak 1, unbreathing, missing a hand, missing
an eye
a: Draw Out Power, Power Leap, Renounce Religion


You were on level 8 of the Dungeon.
You worshipped Ru.
Ru was greatly pleased with you.
You were not hungry.

You visited 1 branch of the dungeon, and saw 8 of its levels.

You collected 466 gold pieces.

Inventory:

Hand Weapons
 d - a +1 dagger of speed
 t - the cursed +1 dagger of Big Damage (weapon) {pierce, Fragile +Rage Str+4 Dex+3}
   (You took it off an orc on level 5 of the Dungeon)

   It inflicts extra damage upon your enemies.
   It affects your strength (+4).
   It affects your dexterity (+3).
   It lets you go berserk.
   It will be destroyed if unequipped.
   It has a curse placed upon it.
 v - a +2 long sword of electrocution
Armour
 p - a +0 robe of fire resistance (worn)
 s - a +0 pair of gloves (worn)
 u - a +0 helmet (worn)
Jewellery
 k - a +3 ring of slaying (right hand)
 q - an uncursed ring of ice
Wands
 a - a wand of scattershot (3)
 j - a wand of clouds (5)
 m - a wand of iceblast (14)
 r - a wand of flame (29)
Scrolls
 b - a scroll of noise {!r}
 c - 6 scrolls of remove curse {!r}
 e - 4 scrolls of enchant armour {!r}
 f - a scroll of enchant weapon {!r}
 g - 2 scrolls of fear {!r}
 h - 5 scrolls of amnesia {!r}
 i - 2 scrolls of immolation {!r}
 l - 2 scrolls of teleportation {!r}
 n - a scroll of magic mapping {!r}
 o - 6 scrolls of identify {!r}


   Skills:
 - Level 8.0(7.6) Short Blades
 - Level 1.5(1.2) Dodging
 - Level 4.0(3.6) Stealth
 + Level 11.8(11.4) Spellcasting
 - Level 0.7(0.4) Conjurations
 - Level 0.7(0.4) Summonings
 - Level 0.7(0.4) Translocations


You had 18 spell levels left.
You knew the following spells:

 Your Spells              Type           Power        Failure   Level  Hunger
a - Magic Dart            Conj           ##..         4%          1    N/A
b - Call Imp              Summ           ##......     7%          2    N/A
d - Poisonous Vapours     Pois/Air       ##....       9%          2    N/A
e - Mephitic Cloud        Conj/Pois/Air  ##......     16%         3    N/A
s - Conjure Flame         Conj/Fire      ##......     16%         3    N/A
v - Blink                 Tloc           N/A          7%          2    N/A

Your spell library contained the following spells:

 Spells                   Type           Power        Failure   Level  Hunger
 Sting                    Conj/Pois      ##..         5%          1    N/A
 Slow                     Hex            ##......     9%          2    N/A
 Olgreb's Toxic Radiance  Pois           ##......     50%         4    N/A
 Venom Bolt               Conj/Pois      ##........   82%         5    N/A

Dungeon Overview and Level Annotations

Branches:
Dungeon (8/15)             Temple (0/1) D:6
   Lair: D:8-11

Altars:
Elyvilon
Kikubaaqudgha
Makhleb
Qazlal
Ru
Trog
Xom
Beogh

Shops:
D:5 *   D:7 =

Annotations:
D:8 1 transporter, MisterFreud's ghost, novice NaFE


Innate Abilities, Weirdness & Mutations

You do not eat or drink.
Your flesh is vulnerable to fire.
You are immune to poison.
Your flesh is cold resistant. (rC+)
You are immune to negative energy. (rN+++)
You are immune to unholy pain and torment.
You are weak. (Str -2)
You can survive without breathing.
You are missing a hand.
You are missing an eye, making it more difficult to aim.


Message History

The floor.
Unknown command.
The killer bee simulacrum hits you.
* * * LOW HITPOINT WARNING * * *
The killer bee simulacrum freezes you. You resist.
* * * LOW HITPOINT WARNING * * *
You focus your will and blind the killer bee simulacrum in retribution!
You hit the killer bee simulacrum.
The killer bee simulacrum is heavily damaged.
You hit the killer bee simulacrum.
The killer bee simulacrum vapourises!
The phantom begins to attack, but is stunned by your will!
The phantom begins to attack, but is stunned by your will!
Casting: Blink (safe; 6% risk of failure)
Confirm with . or Enter, or press ? or * to list all spells.
You miscast Call Imp.
You are very lightly contaminated with residual magic.
Nothing appears to happen.
You feel less exhausted. The wight hits you with a war axe.
* * * LOW HITPOINT WARNING * * *
The vampire casts a spell at you.
You are confused.
You're too confused!
You bump into the stone wall.
You redirect the vampire's attack!
The wight hits you with a war axe.
* * * LOW HITPOINT WARNING * * *
You focus your will and illuminate the wight in retribution!
MisterFreud's ghost begins to cast a spell, but is stunned by your will!
The wight hits you with a war axe.
* * * LOW HITPOINT WARNING * * *
You see here a book of the Earth.
You're too confused to move!
You redirect the vampire's attack!
The vampire casts a spell.
The vampire flickers and vanishes!
Deactivating autopickup; reactivate with Ctrl-A.
The wraith hits you.
* * * LOW HITPOINT WARNING * * *
The howler monkey skeleton closely misses you.
You see here 10 bolts.
You are restored by drawing out deep reserves of power within.
You feel drained.
The wight stops glowing.
The wight hits you with a war axe.
* * * LOW HITPOINT WARNING * * *
You redirect something's attack!
The wraith hits you.
* * * LOW HITPOINT WARNING * * *
The wraith drains your vigour!
You feel yourself slow down.
The howler monkey skeleton hits you but does no damage.
Something completely misses you. Something bites you.
* * * LOW HITPOINT WARNING * * *
You focus your will and illuminate something in retribution!
The vampire hits you!
* * * LOW HITPOINT WARNING * * *
The vampire bites you.
* * * LOW HITPOINT WARNING * * *
The wraith misses you.
Really read
l - 3 scrolls of teleportation {!r}?
As you read the scroll of teleportation {!r}, it crumbles to dust.
You feel strangely unstable.
The vampire begins to cast a spell, but is stunned by your will!
The wraith hits you!
You die...

#..###................
##.................##..
#..................###.
#.#.#############......
#.#.#..........©#......
###.#.#....M..!...#..#.[.
#...#.#..###.###..#..#...
#.##..#..#8#(#8#..#......
#.....#$@M........#......
#....©#WWV..©...W.#©.....
#..#..#ZzW......W.#..#...
#..##.#..#8#.#8#..#.##...
#)..>.#..###.###..#......
#.[%#.#.....§Z.W..#.##.##
#.###)#....W......#.##.#
###.###.#############.##.##
#....<........%.......##.##


You could see a phantom, a vampire (invisible), a wraith, a mummy, a wight,
MisterFreud's ghost and a howler monkey skeleton.

Vanquished Creatures
  The ghost of epen the Cutter, a novice DEMo (D:5)
  2 water moccasins
  2 orc warriors (D:5)
  An ice beast (D:7)
  A sky beast (D:6)
  A black bear (D:7)
  A phantom (D:3)
  6 ogres
  4 bullfrogs
  4 killer bees
  3 scorpions
  A vampire bat (D:3)
  4 crimson imps
  4 hounds (D:6)
  A jelly (D:8)
  10 orc priests
  3 centaur skeletons
  5 orc wizards
  A bullfrog skeleton (D:4)
  An iguana (D:7)
  8 worker ants
  2 hound skeletons
  A killer bee simulacrum (D:8)
  2 worker ant zombies
  10 adders
  2 shadow imps (D:5)
  An adder zombie (D:5)
  5 worms
  3 dart slugs (D:1)
  3 fire bats (D:3)
  5 leopard geckos
  32 orcs
  2 spectral bats (D:3)
  A ball python (D:2)
  22 bats
  3 bat skeletons (D:3)
  A bat zombie (D:3)
  6 giant cockroaches
  9 goblins
  10 hobgoblins
  15 jackals
  13 kobolds
  5 quokkas
  A bat simulacrum (D:3)
  7 frilled lizards
  A quokka skeleton (D:6)
  A quokka zombie (D:6)
  6 rats
  A butterfly (D:6)
234 creatures vanquished.

Vanquished Creatures (collateral kills)
  An adder (D:3)
  An orc (D:3)
  A hobgoblin (D:3)
  A jackal (D:3)
4 creatures vanquished.

Vanquished Creatures (others)
  An orc wizard (D:6)
  A hound skeleton (D:4)
2 creatures vanquished.

Grand Total: 240 creatures vanquished

Notes
Turn   | Place    | Note
-------+----------+-------------------------------------------
     0 | D:1      | Amnesiac the Mummy Wizard began the quest for the Orb.
     0 | D:1      | Reached XP level 1. HP: 13/13 MP: 5/5
   488 | D:1      | Reached XP level 2. HP: 19/19 MP: 0/7
   492 | D:1      | Learned a level 2 spell: Blink
   495 | D:1      | Learned a level 2 spell: Call Imp
   598 | D:2      | Found a burning altar of Makhleb.
   675 | D:3      | Reached skill level 5 in Spellcasting
   876 | D:3      | Reached XP level 3. HP: 12/24 MP: 0/10
   881 | D:3      | Learned a level 3 spell: Conjure Flame
   885 | D:3      | Learned a level 3 spell: Mephitic Cloud
  1124 | D:2      | Found a white marble altar of Elyvilon.
  1202 | D:3      | Reached skill level 6 in Spellcasting
  1202 | D:3      | Reached XP level 4. HP: 30/30 MP: 1/12
  1355 | D:3      | Found a sacrificial altar of Ru.
  1366 | D:3      | Became a worshipper of Ru the Awakened
  2110 | D:2      | Reached skill level 7 in Spellcasting
  2352 | D:2      | Reached XP level 5. HP: 26/35 MP: 2/14
  2461 | D:2      | Gained mutation: You are missing a hand. [Ru sacrifice]
  2461 | D:2      | Reached * piety under Ru
  2461 | D:2      | Reached ** piety under Ru
  3150 | D:3      | Reached skill level 8 in Spellcasting
  3256 | D:3      | Reached XP level 6. HP: 36/41 MP: 6/17
  3938 | D:3      | Reached skill level 1 in Short Blades
  5206 | D:4      | Reached XP level 7. HP: 46/46 MP: 5/19
  5794 | D:5      | Entered Level 5 of the Dungeon
  6086 | D:5      | Found Fapna's Serpentskin Sales.
  6292 | D:5      | Reached skill level 5 in Short Blades
  6292 | D:5      | Reached XP level 8. HP: 33/52 MP: 13/20
  6554 | D:5      | Gained mutation: You are weak. (Str -2) [Ru sacrifice]
  6554 | D:5      | Reached *** piety under Ru
  6615 | D:5      | Found a runed gate.
  6615 | D:5      | Found a runed gate.
  6616 | D:5      | Found a runed gate.
  6616 | D:5      | Noticed epen's ghost (novice DEMo)
  6621 | D:5      | Found a roughly hewn altar of Beogh.
  6833 | D:5      | Found a stormy altar of Qazlal.
  7079 | D:5      | Found a bloodstained altar of Trog.
  7686 | D:6      | Found an ancient bone altar of Kikubaaqudgha.
  7792 | D:6      | Found a staircase to the Ecumenical Temple.
  7858 | D:6      | Found a shimmering altar of Xom.
  8152 | D:6      | Learned a level 2 spell: Poisonous Vapours
  8184 | D:7      | Reached XP level 9. HP: 23/57 MP: 5/21
  8605 | D:7      | Gained mutation: You are missing an eye, making it more
                  | difficult to aim. [Ru sacrifice]
  8605 | D:7      | Reached **** piety under Ru
  8632 | D:7      | Found Netzax's Jewellery Emporium.
  8839 | D:7      | Reached skill level 9 in Spellcasting
  9652 | D:8      | Found a transporter.
  9844 | D:8      | Found a transporter.
  9861 | D:8      | Reached skill level 10 in Spellcasting
 10162 | D:8      | Noticed MisterFreud's ghost (novice NaFE)
 10819 | D:8      | Reached skill level 11 in Spellcasting
 11179 | D:5      | Killed epen's ghost
 11440 | D:5      | Got an ichor-stained dagger {pierce}
 11441 | D:5      | Identified the cursed +1 dagger of Big Damage {pierce,
                  | Fragile +Rage Str+4 Dex+3} (You took it off an orc on level
                  | 5 of the Dungeon)
 11734 | D:8      | HP: 2/57 [wraith (1)]
 11738 | D:8      | Mangled by a wraith

Vault maps used:
D:1:      mrwooster_arrival_statue_2, minmay_small_reverse_x
D:2:      lemuel_doored_altar, nicolae_overflow_crystal_walls, first_ration
D:3:      nicolae_ru_great_annihilating_truth, goddamned_bats
D:5:      nicolae_qazlal_general_emergency, marbit_many_paths,
          biasface_ghost_orc_armoury, guppyfry_shop_venom
D:6:      xom_butterflies, old_standard_altar, temple_doors_e
D:7:      serial_shops, kennysheep_little_box
D:8:      gammafunk_ghost_mausoleum

Skill      XL: |  1  2  3  4  5  6  7  8  9 |
---------------+----------------------------+-----
Spellcasting   | 5 6 7 8 11 | 11.8
Short Blades   | 3 5 7 8 |  8.0
Stealth        | 2 4 |  4.0
Dodging        | |  1.5
Conjurations   | |  0.7
Summonings     | |  0.7
Translocations | |  0.7

Action                   |  1- 3 |  4- 6 |  7- 9 || total
-------------------------+-------+-------+-------++-------
Melee: Unarmed           |    17 |       |       ||    17
       Rapier            |     9 |    52 |       ||    61
       Dagger            |       |    46 |   415 ||   461
 Cast: Magic Dart        |    60 |   294 |   163 ||   517
       Call Imp          |     1 |     4 |     6 ||    11
       Mephitic Cloud    |     1 |     6 |    52 ||    59
       Conjure Flame     |       |       |    19 ||    19
       Blink             |       |       |     3 ||     3
       Poisonous Vapours |       |       |    21 ||    21
Invok: Sacrifice a Hand  |       |     1 |       ||     1
       Sacrifice Purity  |       |       |     1 ||     1
       Draw Out Power    |       |       |     1 ||     1
       Power Leap        |       |       |     1 ||     1
       Sacrifice an Eye  |       |       |     1 ||     1
Evoke: Wand              |       |       |     2 ||     2
  Use: Scroll            |       |     8 |     5 ||    13
 Stab: Paralysed         |       |     1 |       ||     1
       Sleeping          |       |     1 |     2 ||     3
       Confused          |       |       |    25 ||    25
       Invisible         |       |       |     4 ||     4
       Distracted        |       |       |     1 ||     1
Armor: Robe              |    10 |    72 |    35 ||   117
Dodge: Dodged            |    42 |   214 |   161 ||   417

Table legend:
 A = Non-vault XP
 B = Vault XP
 C = Vault XP percentage of total XP
 D = Non-vault monster count
 E = Vault monster count
 F = Vault count percentage of total count
                 A         B        C        D         E       F
            +---------+---------+-------+---------+---------+-------
      Total |    4015 |    1119 |  21.8 |     197 |      42 |  17.6
            +---------+---------+-------+---------+---------+-------
        D:1 |      59 |       7 |  10.6 |      30 |       4 |  11.8
        D:2 |      74 |       0 |   0.0 |      22 |       0 |   0.0
        D:3 |     344 |     215 |  38.5 |      40 |      24 |  37.5
        D:4 |     426 |     142 |  25.0 |      20 |       1 |   4.8
        D:5 |     429 |     738 |  63.2 |      15 |      12 |  44.4
        D:6 |     907 |       0 |   0.0 |      28 |       0 |   0.0
        D:7 |    1269 |       0 |   0.0 |      25 |       0 |   0.0
        D:8 |     507 |      17 |   3.2 |      17 |       1 |   5.6
            +---------+---------+-------+---------+---------+-------
